 Dungeon Crawl Stone Soup version 0.31-a0-1068-g5939ac1fb6 (webtiles) character file.

Game seed: 13667888950803490409

4441 IndexError the Fighter (level 10, -6/84 HPs)
             Began as a Djinni Conjurer on Nov 23, 2023.
             Was a Follower of Makhleb.
             Succumbed to barbed spike wounds
             ... on level 8 of the Dungeon.
             The game lasted 00:15:51 (6203 turns).

IndexError the Fighter (Djinni Conjurer)            Turns: 6203, Time: 00:15:51

Health: -6/84      AC:  5    Str: 10    XL:     10   Next: 63%
Gold:   433        EV: 12    Int: 24    God:    Makhleb [*.....] SH:  0 Dex: 18

rFire   + + .        k - +6 short sword of Dawn {venom, rC+}
rCold   . . .        (no shield)
rNeg    . . .        h - +0 robe "Huru" {Str+4}
rPois   ∞            (no helmet)
rElec   .            u - +2 cloak of Decompression {Slay+5}
rCorr   .            (no gloves)
SInv    .            (boots unavailable)
Will    +....        e - amulet of regeneration {+regen, !d}
Stlth   ++           s - ring of wizardry {Wiz+, !d}
HPRegen 1.14/turn    v - +6 ring of dexterity
MPRegen 0.00/turn

%: wizardry (x1), infuse magic (-7 HP)
@: spiked, flying
A: sickness immunity, fire resistance 2, cold vulnerability 1, float, innate
caster, HP casting, extra vitality 1
a: Renounce Religion


You were on level 8 of the Dungeon.
You worshipped Makhleb.
Makhleb was aware of your devotion.
You visited 2 branches of the dungeon, and saw 9 of its levels.

You collected 433 gold pieces.

Inventory:

Hand Weapons
 k - the +6 short sword of Dawn (weapon) {venom, rC+}
   (You took it off an orc on level 3 of the Dungeon)

   rC+:       It protects you from cold.
Missiles
 n - 2 datura-tipped darts
 D - 2 darts of dispersal {=f}
Armour
 h - the +0 robe "Huru" (worn) {Str+4}
   (You found it on level 2 of the Dungeon)

   Str+4:     It affects your strength (+4).
 o - the +4 ring mail of a bazaar {rF+ Int+2}
   (You found it on level 4 of the Dungeon)

   Int+2:     It affects your intelligence (+2).
   rF+:       It protects you from fire.
 r - a scarf of shadows
   (You found it on level 5 of the Dungeon)
 u - the +2 cloak of Decompression (worn) {Slay+5}
   (You found it on level 5 of the Dungeon)

   Slay+5:    It affects your accuracy & damage with ranged weapons and melee
   (+5).
 y - the +0 robe "Geufiugipy" {*Slow Dex+8}
   (You found it on level 7 of the Dungeon)

   Dex+8:     It affects your dexterity (+8).
   *Slow:     It may slow you when you take damage.
Magical Staves
 m - a staff of earth
   (You found it on level 4 of the Dungeon)
Jewellery
 e - an amulet of regeneration (around neck) {+regen, !d}
   (You found it on level 1 of the Dungeon)
 s - a ring of wizardry (left hand) {Wiz+, !d}
   (You found it on level 5 of the Dungeon)
 v - a +6 ring of dexterity (right hand)
   (You found it on level 5 of the Dungeon)
Wands
 z - a wand of digging (1)
   (You found it on level 7 of the Dungeon)
Scrolls
 a - a scroll of poison {unknown}
 c - 2 scrolls of immolation {unknown}
 d - 11 scrolls of identify {unknown}
 i - 2 scrolls of amnesia {unknown}
 l - a scroll of enchant weapon {unknown}
 w - 2 scrolls of fog {unknown}
 x - a scroll of silence {unknown}
 A - a scroll of teleportation {unknown}
 B - a scroll of fear {unknown}
Potions
 b - a potion of mutation {unknown}
 f - 4 potions of heal wounds {unknown}
 g - a potion of lignification {unknown}
 j - a potion of curing {unknown}
 p - 4 potions of haste {unknown}
 q - 3 potions of might {unknown}
 t - a potion of brilliance {unknown}
 C - a potion of magic {unknown}


   Skills:
 + Level 11.9 Fighting
 - Level 2.1 Dodging
 - Level 1.5 Stealth
 + Level 7.4 Spellcasting
 + Level 7.4 Conjurations
 + Level 7.4 Hexes
 + Level 7.4 Summonings
 + Level 7.4 Necromancy
 + Level 7.4 Translocations
 + Level 7.4 Transmutations
 + Level 7.4 Fire Magic
 + Level 7.4 Ice Magic
 + Level 7.4 Air Magic
 + Level 7.4 Earth Magic
 + Level 7.4 Poison Magic


You knew the following spells:

 Your Spells              Type           Power      Damage    Failure   Level
a - Magic Dart            Conj           100%       1d8       1%          1
b - Searing Ray           Conj           88%        2d7       1%          2
c - Dazzling Flash        Conj/Hex       88%        N/A       1%          3
d - Fulminant Prism       Conj/Hex       22%        3d12      1%          4
e - Foxfire               Conj/Fire      100%       2x1d9     1%          1
f - Momentum Strike       Conj/Tloc      88%        3d10      1%          2
g - Frozen Ramparts       Ice            88%        1d14      1%          3
h - Sigil of Binding      Hex            44%        N/A       1%          3
x - Iskenderun's Mystic   Conj/Tloc      44%        2d10      1%          4
Your spell library was empty.

Dungeon Overview and Level Annotations

Branches:
Dungeon (8/15)             Temple (1/1) D:7            Lair (0/5) D:8

Altars:
Ashenzari
Cheibriados
Dithmenos
Elyvilon
Fedhas
Gozag
Hepliaklqana
Makhleb
Nemelex Xobeh
Okawaru
Qazlal
Ru
Trog
Uskayaw
Wu Jian
Xom
Yredelemnul
Zin
The Shining One


Innate Abilities, Weirdness & Mutations

You are immune to sickness and miasma.
You are immune to poison.
Your flesh is very heat resistant. (rF++)
You are vulnerable to cold. (rC-)
You float through the air rather than walking.
You learn spells naturally, not from books.
Your magical power is your life essence.
You have superior vitality. (+4 MHP)


Message History

Press: ? - help, Dir - move target You conjure a prism of explosive energy!
A fulminant prism comes into view.
You take 3 damage, and have 81/84 hp.
The red devil throws a boomerang.
The boomerang hits you!
Your fulminant prism crackles loudly.
You take 14 damage, and have 67/84 hp.
The blast of energy engulfs the red devil!
You hear a bellow! x3
You regained 2 hp, and now have 69/84 hp.
Casting: Fulminant Prism (dangerous; 1% risk of failure)
Confirm with . or Enter, or press ? or * to list all spells.
Aiming: Searing Ray (safe; 1% risk of failure)
Press: ? - help, Shift-Dir - straight line, f - red devil
Aim: a red devil, wielding a +0 trident and quivering boomerangs (moderately wounded, 75% to hit)
The searing ray hits the red devil! (Press . to maintain the ray.)
You hear a shout!
The red devil throws a boomerang.
The boomerang hits you!!
You take 22 damage, and have 47/84 hp.
MASSIVE DAMAGE!!
The searing ray hits the red devil!
The searing ray hits the red devil.
Makhleb accepts your kill.
You feel better.
You regained 6 hp, and now have 53/84 hp.
Casting: Searing Ray (safe; 1% risk of failure)
Confirm with . or Enter, or press ? or * to list all spells.
Aiming: Fulminant Prism (mildly dangerous; 1% risk of failure)
Press: ? - help, Dir - move target You conjure a prism of explosive energy!
A fulminant prism comes into view.
You take 3 damage, and have 50/84 hp.
Your fulminant prism crackles loudly.
You hear a bellow!
You regained 2 hp, and now have 54/84 hp.
A yak comes into view.
The yak bellows!
Casting: Fulminant Prism (mildly dangerous; 1% risk of failure)
Confirm with . or Enter, or press ? or * to list all spells.
Aiming: Searing Ray (safe; 1% risk of failure)
Press: ? - help, Shift-Dir - straight line, f - orc warrior
Aim: an orc warrior, wielding a +0 trident and wearing a +0 ring mail (heavily wounded, 77% to hit)
The searing ray hits the orc warrior! (Press . to maintain the ray.)
A yak comes into view.
You take 1 damage, and have 54/84 hp.
The searing ray hits the orc warrior!
The searing ray hits the orc warrior.
Makhleb accepts your kill.
You feel better.
You regained 2 hp, and now have 56/84 hp.
Things that are here:
a +0 trident; a +0 ring mail; an orc corpse You regained 2 hp, and now have 60/84 hp.
Casting: Searing Ray (safe; 1% risk of failure)
Confirm with . or Enter, or press ? or * to list all spells.
You inscribe a pair of binding sigils.
You take 2 damage, and have 62/84 hp.
The yak attacks as it pursues you! The yak barely misses you.
You regained 2 hp, and now have 65/84 hp.
The yak moves over your binding sigil and is bound in place!
The yak attacks as it pursues you! The yak gores you!
You take 6 damage, and have 59/84 hp.
The red devil hits you with a +0 trident!
Barbed spikes become lodged in your body.
You take 8 damage, and have 53/84 hp.
The barbed spikes dig painfully into your body as you move.
The red devil hits you with a +0 trident.
Barbed spikes become lodged in your body.
Things that are here:
+0 steam dragon scales; a steam dragon skeleton You take 8 damage, and have 45/84 hp.
The barbed spikes dig painfully into your body as you move.
The red devil hits you but does no damage.
You take 1 damage, and have 44/84 hp.
The barbed spikes dig painfully into your body as you move.
The red devil hits you from afar with a +0 trident.
Barbed spikes become lodged in your body.
You take 5 damage, and have 39/84 hp.
The barbed spikes dig painfully into your body as you move.
The red devil attacks as it pursues you!
The red devil hits you from afar with a +0 trident!
* * * LOW HITPOINT WARNING * * *
Barbed spikes become lodged in your body.
You take 14 damage, and have 25/84 hp.
The barbed spikes dig painfully into your body as you move.
* * * LOW HITPOINT WARNING * * *
You take 3 damage, and have 22/84 hp.
The barbed spikes dig painfully into your body as you move.
* * * LOW HITPOINT WARNING * * *
You take 5 damage, and have 17/84 hp.
The barbed spikes dig painfully into your body as you move.
* * * LOW HITPOINT WARNING * * *
The red devil attacks as it pursues you!
The red devil hits you from afar with a +0 trident!
* * * LOW HITPOINT WARNING * * *
Barbed spikes become lodged in your body.
You take 16 damage, and have 1/84 hp.
The barbed spikes dig painfully into your body as you move.
You die...

#.......)...####.###...##
...............Y.......#
..#.#..##...###..###...#
#.#....####.....## ##
#.#..#.######.Y#####.#
#.##.#.........4.....#
#.......###.:###.#####
............## #.#
>......#.##..###@#########
..#.#..#.##...##.<.#.....#
#.#.#.......######.......#
.........#####.# ###.....#
###.#..#####...# #.....#
....)<.......### ###.#####
###..[#.###### ###...#####
....#.[.# #.........#
..[###..##### #.........#


You could see a red devil.

Vanquished Creatures
  2 red devils (D:8)
  The ghost of Lusmu the Sneak, an amateur OpVM (D:6)
  A slime creature (D:8)
  Sigmund (D:4)
  A steam dragon (D:8)
  Edmund (D:5)
  2 wargs (D:8)
  2 water moccasins
  2 orc warriors (D:8)
  An ice beast (D:6)
  2 black bears
  2 kobold brigands
  A phantom (D:6)
  4 bullfrogs
  A scorpion (D:5)
  8 wights
  6 killer bees (D:8)
  3 howler monkeys
  5 hounds
  3 orc priests
  6 jellies
  2 sleepcaps
  3 iguanas
  5 orc wizards
  8 gnolls
  15 adders
  A shadow imp (D:7)
  4 white imps
  3 worms
  3 dart slugs
  21 orcs
  4 bats
  19 endoplasms
  5 giant cockroaches
  6 goblins
  8 hobgoblins
  2 jackals (D:1)
  5 quokkas
  11 ball pythons
  6 frilled lizards
  7 kobolds
  9 rats
202 creatures vanquished.

Vanquished Creatures (collateral kills)
  A foxfire (D:5)
1 creature vanquished.

Vanquished Creatures (others)
  561 foxfires
  18 fulminant prisms
579 creatures vanquished.

Grand Total: 782 creatures vanquished

Notes
Turn   | Place    | Note
-------+----------+-------------------------------------------
     0 | D:1      | IndexError the Djinni Conjurer began the quest for the Orb.
     0 | D:1      | IndexError set off with the following spells memorised:
                  | Magic Dart, Searing Ray, Dazzling Flash, Fulminant Prism,
                  | Iskenderun's Mystic Blast.
     0 | D:1      | Reached XP level 1. HP: 15/15 MP: 0/0
   144 | D:1      | Reached skill level 1 in Fighting
   144 | D:1      | Reached XP level 2. HP: 15/22 MP: 0/0
   430 | D:1      | Reached XP level 3. HP: 23/28 MP: 0/0
   430 | D:1      | Learned a level 1 spell: Foxfire
   482 | D:1      | Reached skill level 2 in Fighting
  1085 | D:2      | Found a sparkling altar of Nemelex Xobeh.
  1132 | D:2      | Reached XP level 4. HP: 34/34 MP: 0/0
  1346 | D:2      | Identified the +0 robe "Huru" {Str+4}
  1478 | D:2      | Reached skill level 3 in Fighting
  1842 | D:3      | Reached XP level 5. HP: 38/40 MP: 0/0
  1842 | D:3      | Learned a level 2 spell: Momentum Strike
  1896 | D:3      | Found a faded altar of an unknown god.
  1977 | D:3      | Reached skill level 4 in Fighting
  2040 | D:3      | Identified the +6 short sword of Dawn {venom, rC+}
  2229 | D:3      | Found an ornate altar of the Wu Jian Council.
  2235 | D:3      | Reached skill level 4 in Spellcasting
  2235 | D:3      | Reached skill level 4 in Conjurations
  2235 | D:3      | Reached skill level 4 in Hexes
  2235 | D:3      | Reached skill level 4 in Summonings
  2235 | D:3      | Reached skill level 4 in Necromancy
  2235 | D:3      | Reached skill level 4 in Translocations
  2235 | D:3      | Reached skill level 4 in Transmutations
  2235 | D:3      | Reached skill level 4 in Fire Magic
  2235 | D:3      | Reached skill level 4 in Ice Magic
  2235 | D:3      | Reached skill level 4 in Air Magic
  2235 | D:3      | Reached skill level 4 in Earth Magic
  2235 | D:3      | Reached skill level 4 in Poison Magic
  2438 | D:3      | Reached XP level 6. HP: 46/48 MP: 0/0
  2539 | D:4      | Noticed Sigmund
  2546 | D:4      | Killed Sigmund
  2547 | D:4      | Reached skill level 5 in Fighting
  2590 | D:4      | Reached XP level 7. HP: 30/54 MP: 0/0
  2590 | D:4      | Learned a level 3 spell: Frozen Ramparts
  2661 | D:4      | Reached skill level 6 in Fighting
  2702 | D:4      | Identified the +4 ring mail of a bazaar {rF+ Int+2}
  3090 | D:5      | Entered Level 5 of the Dungeon
  3137 | D:5      | Noticed a water moccasin
  3144 | D:5      | Killed a water moccasin
  3180 | D:5      | Reached XP level 8. HP: 61/62 MP: 0/0
  3252 | D:5      | Noticed Edmund
  3267 | D:5      | Killed Edmund
  3268 | D:5      | Reached skill level 7 in Fighting
  3363 | D:5      | Identified the +2 cloak of Decompression {Slay+5}
  3526 | D:5      | Reached skill level 8 in Fighting
  3526 | D:5      | Reached skill level 5 in Spellcasting
  3526 | D:5      | Reached skill level 5 in Conjurations
  3526 | D:5      | Reached skill level 5 in Hexes
  3526 | D:5      | Reached skill level 5 in Summonings
  3526 | D:5      | Reached skill level 5 in Necromancy
  3526 | D:5      | Reached skill level 5 in Translocations
  3526 | D:5      | Reached skill level 5 in Transmutations
  3526 | D:5      | Reached skill level 5 in Fire Magic
  3526 | D:5      | Reached skill level 5 in Ice Magic
  3526 | D:5      | Reached skill level 5 in Air Magic
  3526 | D:5      | Reached skill level 5 in Earth Magic
  3526 | D:5      | Reached skill level 5 in Poison Magic
  3631 | D:5      | Found a hazy altar of Hepliaklqana.
  3641 | D:5      | Found a basalt altar of Yredelemnul.
  3926 | D:6      | Reached XP level 9. HP: 61/71 MP: 0/0
  3926 | D:6      | Learned a level 3 spell: Sigil of Binding
  3948 | D:6      | Reached skill level 9 in Fighting
  4051 | D:6      | Found a large runed translucent door.
  4051 | D:6      | Found a large runed translucent door.
  4055 | D:6      | Noticed Lusmu's ghost (amateur OpVM)
  4330 | D:6      | Killed Lusmu's ghost
  4331 | D:6      | Reached skill level 10 in Fighting
  4443 | D:7      | Found a blossoming altar of Fedhas.
  4495 | D:7      | Identified the +0 robe "Geufiugipy" {*Slow Dex+8}
  4539 | D:7      | Reached skill level 6 in Spellcasting
  4539 | D:7      | Reached skill level 6 in Conjurations
  4539 | D:7      | Reached skill level 6 in Hexes
  4539 | D:7      | Reached skill level 6 in Summonings
  4539 | D:7      | Reached skill level 6 in Necromancy
  4539 | D:7      | Reached skill level 6 in Translocations
  4539 | D:7      | Reached skill level 6 in Transmutations
  4539 | D:7      | Reached skill level 6 in Fire Magic
  4539 | D:7      | Reached skill level 6 in Ice Magic
  4539 | D:7      | Reached skill level 6 in Air Magic
  4539 | D:7      | Reached skill level 6 in Earth Magic
  4539 | D:7      | Reached skill level 6 in Poison Magic
  4822 | D:7      | Found a hide-covered altar of Uskayaw.
  4826 | D:7      | Found a bloodstained altar of Trog.
  4826 | D:7      | Found a glowing silver altar of Zin.
  4849 | D:7      | Found an opulent altar of Gozag.
  5056 | D:7      | Found a staircase to the Ecumenical Temple.
  5232 | Temple   | Entered the Ecumenical Temple
  5290 | Temple   | Became a worshipper of Makhleb the Destroyer
  5350 | D:8      | Reached XP level 10. HP: 61/81 MP: 0/0
  5465 | D:8      | Reached skill level 11 in Fighting
  5484 | D:8      | Reached * piety under Makhleb
  5592 | D:8      | Found a staircase to the Lair.
  5784 | D:8      | Reached skill level 7 in Spellcasting
  5784 | D:8      | Reached skill level 7 in Conjurations
  5784 | D:8      | Reached skill level 7 in Hexes
  5784 | D:8      | Reached skill level 7 in Summonings
  5784 | D:8      | Reached skill level 7 in Necromancy
  5784 | D:8      | Reached skill level 7 in Translocations
  5784 | D:8      | Reached skill level 7 in Transmutations
  5784 | D:8      | Reached skill level 7 in Fire Magic
  5784 | D:8      | Reached skill level 7 in Ice Magic
  5784 | D:8      | Reached skill level 7 in Air Magic
  5784 | D:8      | Reached skill level 7 in Earth Magic
  5784 | D:8      | Reached skill level 7 in Poison Magic
  5973 | D:8      | HP: 19/83 [barbs]
  6200 | D:8      | HP: 21/84 [barbs]
  6202 | D:8      | HP: 1/84 [red devil/+0 trident (11)]
  6203 | D:8      | Succumbed to barbed spike wounds

Illustrated notes

Levels and vault maps discovered:
D:1:      dpeg_arrival_pits, layout_loops_ring, minmay_box_of_dots
D:2:      layout_loops_corners, basic_altar, minmay_shallow_snake_nest
D:3:      layout_loops_cross, nicolae_wu_jian_wuxing_cycle, led_sif_book,
          ebering_ecumenical_altar_petrified
D:4:      layout_basic, uniq_sigmund
D:5:      layout_rooms, mainiacjoe_overflow_big_doors, uniq_edmund
D:6:      layout_rooms, ebering_ghost_disaster_area
D:7:      layout_loops_ring, minmay_overflow_temple_star_hex, fedhas_altar_2,
          temple_doors_ab
D:8:      lemuel_slime, layout_rooms, erik_lair_orcish_takeover, st_stairs_5,
          einodemon_armed_red_devil_minivault
Temple:   nicolae_temple_godzebo

Skill      XL: |  1  2  3  4  5  6  7  8  9 10 |
---------------+-------------------------------+-----
Fighting       | 1 2 3 4 5 6 8 10 11 | 11.9
Spellcasting   | 4 5 6 7 |  7.4
Conjurations   | 4 5 6 7 |  7.4
Hexes          | 4 5 6 7 |  7.4
Summonings     | 4 5 6 7 |  7.4
Necromancy     | 4 5 6 7 |  7.4
Translocations | 4 5 6 7 |  7.4
Transmutations | 4 5 6 7 |  7.4
Fire Magic     | 4 5 6 7 |  7.4
Ice Magic      | 4 5 6 7 |  7.4
Air Magic      | 4 5 6 7 |  7.4
Earth Magic    | 4 5 6 7 |  7.4
Poison Magic   | 4 5 6 7 |  7.4
Dodging        | |  2.1
Stealth        | |  1.5

Action                     |  1- 3 |  4- 6 |  7- 9 | 10-12 || total
---------------------------+-------+-------+-------+-------++-------
  Melee: Short sword       |       |     2 |       |       ||     2
   Cast: Magic Dart        |    79 |    88 |    45 |     4 ||   216
         Searing Ray       |       |     7 |    15 |     4 ||    26
         Fulminant Prism   |       |     2 |     6 |    10 ||    18
         Foxfire           |       |       |   256 |    88 ||   344
         Iskenderun's Myst |       |       |     6 |    11 ||    17
         Sigil of Binding  |       |       |       |     2 ||     2
 Armour: Robe              |     8 |    20 |    33 |    32 ||    93
  Dodge: Dodged            |    17 |     8 |    33 |    12 ||    70

Table legend: (Time is in decaauts)
 A = Elapsed time spent in this place.
 B = Non-inter-level travel time spent in this place.
 C = Inter-level travel time spent in this place.
 D = Time resting spent in this place.
 E = Time spent auto-exploring this place.
 F = Levels seen in this place.
 G = Mean time per level.
                   A        B        C        D        E       F      G
               +--------+--------+--------+--------+--------+-----+--------+
         Total |   6208 |   5612 |    596 |      3 |   4349 |   9 |  689.8 |
       Dungeon |   6121 |   5553 |    568 |      3 |   4349 |   8 |  765.1 |
        Temple |     87 |     59 |     28 |      0 |      0 |   1 |   87.0 |
               +--------+--------+--------+--------+--------+-----+--------+

Top non-repeatable levels by time:
     D:7: 996 daAuts
     D:1: 922 daAuts
     D:2: 869 daAuts
     D:4: 722 daAuts
     D:8: 708 daAuts
     D:3: 681 daAuts
     D:6: 624 daAuts
     D:5: 595 daAuts
  Temple: 87 daAuts

Levels and vault maps discovered:
D:1:      dpeg_arrival_pits, layout_loops_ring, minmay_box_of_dots
D:2:      layout_loops_corners, basic_altar, minmay_shallow_snake_nest
D:3:      layout_loops_cross, nicolae_wu_jian_wuxing_cycle, led_sif_book,
          ebering_ecumenical_altar_petrified
D:4:      layout_basic, uniq_sigmund
D:5:      layout_rooms, mainiacjoe_overflow_big_doors, uniq_edmund
D:6:      layout_rooms, ebering_ghost_disaster_area
D:7:      layout_loops_ring, minmay_overflow_temple_star_hex, fedhas_altar_2,
          temple_doors_ab
D:8:      lemuel_slime, layout_rooms, erik_lair_orcish_takeover, st_stairs_5,
          einodemon_armed_red_devil_minivault
Temple:   nicolae_temple_godzebo

Table legend: (Time is in decaauts)
 A = Elapsed time spent in this place.
 B = Non-inter-level travel time spent in this place.
 C = Inter-level travel time spent in this place.
 D = Time resting spent in this place.
 E = Time spent auto-exploring this place.
 F = Levels seen in this place.
 G = Mean time per level.
                   A        B        C        D        E       F      G
               +--------+--------+--------+--------+--------+-----+--------+
         Total |   6208 |   5612 |    596 |      3 |   4349 |   9 |  689.8 |
       Dungeon |   6121 |   5553 |    568 |      3 |   4349 |   8 |  765.1 |
        Temple |     87 |     59 |     28 |      0 |      0 |   1 |   87.0 |
               +--------+--------+--------+--------+--------+-----+--------+

Top non-repeatable levels by time:
     D:7: 996 daAuts
     D:1: 922 daAuts
     D:2: 869 daAuts
     D:4: 722 daAuts
     D:8: 708 daAuts
     D:3: 681 daAuts
     D:6: 624 daAuts
     D:5: 595 daAuts
  Temple: 87 daAuts

Table legend:
 A = Kills in this place as a percentage of kills in the entire game.
 B = Kills by you in this place as a percentage of kills by you in the entire game.
 C = Kills by friends in this place as a percentage of kills by friends in the entire game.
 D = Other kills in this place as a percentage of other kills in the entire game.
 E = Experience gained in this place as a percentage of experience gained in the entire game.
 F = Experience gained in this place divided by the number of levels of this place that you have seen.
                   A       B       C       D       E      F
               +-------+-------+-------+-------+-------+----------------------
         Total | 100.0 | 100.0 |   N/A |   N/A | 100.0 | 705.0
       Dungeon | 100.0 | 100.0 |   N/A |   N/A | 100.0 | 793.1
               +-------+-------+-------+-------+-------+----------------------
